 Dungeon Crawl Stone Soup version 0.20-a0-893-g832831a (webtiles) character file.

371 4thArraOfDagon the Skirmisher (level 6, -6/57 HPs)
             Began as a Demigod Wanderer on Mar 17, 2017.
             Mangled by an orc warrior
             ... wielding a +0 scimitar
              (22 damage)
             ... on level 6 of the Dungeon.
             The game lasted 00:04:45 (942 turns).

4thArraOfDagon the Skirmisher (Demigod Wanderer)     Turns: 942, Time: 00:04:46

Health: -6/57      AC:  7    Str: 16 (17) XL:     6   Next: 18%
Magic:  8/8        EV: 11    Int: 20      God:
Gold:   86         SH:  4    Dex: 17 (18) Spells: 5/5 levels left

rFire    . . .     SeeInvis .   d - +0 hand axe (flame)
rCold    . . .     Gourm    .   g - +0 ring mail
rNeg     . . .     Faith    .   (no shield)
rPois    .         Spirit   .   (no helmet)
rElec    .         Reflect  .   (no cloak)
rCorr    .         Harm     .   (no gloves)
MR       .....                  (no boots)
Stlth    +.........             (no amulet)
Regen    0.2/turn               (no ring)
MPRegen  0.2/turn               (no ring)

@: mighty
A: icy blue scales 1, large bone plates 1, deterioration 1, high mp 1
a: no special abilities


You were on level 6 of the Dungeon.
You were not hungry.

You visited 1 branch of the dungeon, and saw 6 of its levels.

You collected 86 gold pieces.

Inventory:

Hand Weapons
 a - a +2 dagger
 c - a +0 hand axe
 d - a +0 hand axe of flaming (weapon)
Armour
 e - a +0 robe
 g - a +0 ring mail (worn)
Scrolls
 b - a scroll of fear
 h - a scroll of identify {unknown}
Comestibles
 f - a bread ration


   Skills:
 + Level 5.6 Fighting
 + Level 4.5 Axes
 - Level 1.0 Throwing
 - Level 1.0 Armour
 - Level 1.0 Dodging
 - Level 1.0 Stealth


You had 5 spell levels left.
You didn't know any spells.

Dungeon Overview and Level Annotations

Branches:
Dungeon (6/15)
 Temple: D:4-7


Innate Abilities, Weirdness & Mutations

You have an increased reservoir of magic. (+10% MP)
You are partially covered in icy blue scales. (AC +2)
You are partially covered in large bone plates. (SH +4)
Your body sometimes deteriorates upon taking damage.


Message History

Unknown command.
You closely miss the orc warrior.
The orc warrior is moderately wounded.
You slash the orc! You burn the orc.
You kill the orc!
Unknown command.
Unknown command.
You closely miss the orc warrior.
The orc warrior is moderately wounded.
You slash the orc! You burn the orc.
You kill the orc!
The orc warrior hits you with a scimitar.
* * * LOW HITPOINT WARNING * * *
Unknown command.
Unknown command.
Unknown command.
You hit the orc warrior. You burn the orc warrior.
The orc warrior is heavily wounded.
The orc warrior hits you with a scimitar!!
You die...

###########.))..####
#.........###)#......
+....................
..............###.###
..........###.# #
_..........##.#
........<..##)#
..............#
########'#.##@#
......o[# #........
#.........
...........
............
..##......... ..
#.###...#### ..o#.
..#


You could see an orc warrior.

Vanquished Creatures
  An ogre (D:6)
  A crimson imp (D:6)
  4 orc priests
  2 orc wizards (D:6)
  A worker ant (D:5)
  2 gnolls (D:4)
  An adder (D:6)
  A dart slug (D:1)
  7 orcs
  2 bats (D:2)
  2 giant cockroaches
  A hobgoblin (D:3)
  4 jackals (D:5)
  A goblin (D:1)
  A kobold (D:3)
  3 rats
34 creatures vanquished.

Notes
Turn   | Place    | Note
-------+----------+-------------------------------------------
     0 | D:1      | 4thArraOfDagon the Demigod Wanderer began the quest for the Orb.
     0 | D:1      | 4thArraOfDagon set off with: a +2 dagger, a scroll of fear, a +0 hand axe, a potion of lignification, a +0 robe, a bread ration
     0 | D:1      | Reached XP level 1. HP: 19/19 MP: 3/3
    73 | D:2      | timbw: still no hellcrawl on eu servers?
   171 | D:1      | timbw: I only checked xathua, not here
   178 | D:1      | 4thArraOfDagon: o hey
   205 | D:1      | 4thArraOfDagon: never tried this, worth it?
   205 | D:1      | timbw: I said hello last game :>
   283 | D:3      | Reached XP level 2. HP: 25/27 MP: 4/4
   284 | D:3      | timbw: it looks like a just straight up better crawl
   303 | D:3      | timbw: no food, no bullshit
   306 | D:3      | timbw: no lair
   320 | D:3      | timbw: less exp, its basically a speedrun but you have to explore for exp or you will struggle
   321 | D:3      | Reached skill level 4 in Fighting
   321 | D:3      | Reached XP level 3. HP: 33/33 MP: 5/5
   337 | D:3      | timbw: cant really skipt content
   371 | D:3      | Reached XP level 4. HP: 20/41 MP: 6/6
   407 | D:3      | timbw: cant skip because theres not enough exp, theres no stupid runelock on vaults or w/e
   450 | D:5      | Entered Level 5 of the Dungeon
   469 | D:5      | Gained mutation: Your body sometimes deteriorates upon taking damage. [potion of mutation]
   469 | D:5      | Gained mutation: You are partially covered in large bone plates. (SH +4) [potion of mutation]
   469 | D:5      | Gained mutation: You are partially covered in icy blue scales. (AC +2) [potion of mutation]
   774 | D:6      | Noticed a centaur
   831 | D:5      | Reached skill level 5 in Fighting
   831 | D:5      | Reached XP level 5. HP: 30/48 MP: 7/7
   894 | D:6      | Found a snail-covered altar of Cheibriados.
   896 | D:6      | Noticed an ogre
   914 | D:6      | Killed an ogre
   923 | D:6      | Reached XP level 6. HP: 29/56 MP: 8/8
   942 | D:6      | Mangled by an orc warrior

Vault maps used:
D:1:      dpeg_arrival_fog, minivault_4
D:2:      uniq_natasha
D:3:      uniq_grinder
D:5:      ashenzari_conservatory_becter, minmay_temple_entry_hall, first_bread,
          minivault_14, minmay_misc_feat_x,
          hangedman_abyss_or_decor_jellyfish_corner
D:6:      corexii_shack_village, basic_altar, serial_shops, shop,
          nicolae_shop_behind_doors, shop, nicolae_shop_trees,
          fedhas_altar_decomposition

Skill      XL: |  1  2  3  4  5 |
---------------+----------------+-----
Axes           | 2 3 4 |  4.5
Fighting       | 4 5 |  5.6
Throwing       | |  1.0
Armour         | |  1.0
Dodging        | |  1.0
Stealth        | |  1.0

Action                   |  1- 3 |  4- 6 || total
-------------------------+-------+-------++-------
Melee: Dagger            |    16 |       ||    16
       Hand axe          |    19 |    65 ||    84
  Use: Potion            |     4 |     4 ||     8
       Scroll            |     1 |     1 ||     2
 Stab: Sleeping          |     3 |     1 ||     4
Armor: Robe              |     3 |     3 ||     6
       Skin              |     5 |       ||     5
       Ring mail         |       |    20 ||    20
Dodge: Dodged            |    11 |    24 ||    35
Block: Other             |       |    10 ||    10
